 Dungeon Crawl Stone Soup version 0.28-a0-987-g8383568036 (webtiles) character file.

Game seed: 6343180184039841026

572 Gargoyl the Skirmisher (level 7, 0/60 HPs)
             Began as a Gnoll Abyssal Knight on Dec 4, 2021.
             Was a Believer of Lugonu.
             Killed from afar by Ijyb (21 damage)
             ... with a bolt of acid
             ... on level 4 of the Dungeon.
             The game lasted 00:04:28 (3482 turns).

Gargoyl the Skirmisher (Gnoll Abyssal Knight)       Turns: 3482, Time: 00:04:29

Health: 0/60       AC: 11    Str: 14    XL:     7   Next: 34%
Magic:  11/11      EV:  7    Int: 10    God:    Lugonu [**....]
Gold:   179        SH:  0    Dex: 12    Spells: 10/10 levels left

rFire   . . .      SeeInvis .   a - +2 hand axe (vamp)
rCold   . . .      Faith    .   (no shield)
rNeg    . . .      Spirit   .   i - +0 chain mail
rPois   .          Reflect  .   b - +0 helmet
rElec   .          Harm     .   (no cloak)
rCorr   .          Rampage  .   (no gloves)
Will    .....                   (no boots)
Stlth   ..........              (no amulet)
HPRegen 0.20/turn               e - +4 ring of slaying
MPRegen 0.12/turn               (no ring)

@: no status effects
A: fangs 1, strong nose, distributed training
a: Renounce Religion, Depart the Abyss, Bend Space


You were on level 4 of the Dungeon.
You worshipped Lugonu.
Lugonu was pleased with you.
You visited 1 branch of the dungeon, and saw 4 of its levels.
You visited the Abyss 1 time.

You collected 179 gold pieces.

Inventory:

Hand Weapons
 a - a +2 vampiric hand axe (weapon)
Armour
 b - a +0 helmet (worn)
 i - a +0 chain mail (worn)
Jewellery
 e - a +4 ring of slaying (left hand)
Wands
 c - a wand of paralysis (2)
Scrolls
 d - a scroll of identify
Potions
 h - a potion of degeneration {unknown}


   Skills:
 + Level 7.0 Fighting
 + Level 2.4 Short Blades
 + Level 2.4 Long Blades
 + Level 5.2 Axes
 + Level 2.4 Maces & Flails
 + Level 2.4 Polearms
 + Level 2.4 Staves
 + Level 2.4 Slings
 + Level 2.4 Bows
 + Level 2.4 Crossbows
 + Level 2.4 Throwing
 + Level 5.2 Armour
 + Level 3.6 Dodging
 + Level 2.4 Stealth
 + Level 2.4 Shields
 + Level 2.4 Unarmed Combat
 + Level 2.4 Spellcasting
 + Level 2.0 Conjurations
 + Level 2.0 Hexes
 + Level 2.0 Summonings
 + Level 2.0 Necromancy
 + Level 2.0 Translocations
 + Level 2.0 Transmutations
 + Level 2.0 Fire Magic
 + Level 2.0 Ice Magic
 + Level 2.0 Air Magic
 + Level 2.0 Earth Magic
 + Level 2.0 Poison Magic
 + Level 5.3 Invocations
 + Level 2.4 Evocations


You had 10 spell levels left.
You didn't know any spells.
Your spell library contained the following spells:

 Spells                   Type           Power      Damage    Failure   Level
 Gell's Gravitas          Tloc           5%         N/A       100%        3
 Teleport Other           Tloc           5%         N/A       100%        3
 Dispersal                Tloc           2%         N/A       100%        6


Dungeon Overview and Level Annotations

Branches:
Dungeon (4/15)
 Temple: D:4-7

Altars:
Ashenzari
Kikubaaqudgha
Sif Muna
Vehumet

Annotations:
D:4 Ijyb


Innate Abilities, Weirdness & Mutations

You have very sharp teeth.
Your uncanny sense of smell can sniff out nearby items.
Your experience applies equally to all skills.


Message History

Things that are here:
a +0 club; a +0 club; a goblin skeleton
Things that are here:
a +0 club; a goblin skeleton
Items here: ( )) ÷.
Things that are here:
a +0 club; a goblin skeleton
Items here: ( )) ÷.
You now have 179 gold pieces (gained 19).
An adder comes into view.
The adder hisses angrily.
An adder is nearby!
An adder is nearby!
The adder bites you but does no damage.
You slash the adder!
You kill the adder!
Lugonu accepts your kill.
Found a stone staircase leading up.
Found a crooked iron wand.
Unknown command.
Ijyb the Twisted Goblin comes into view.
She is wielding a +9 club and carrying a wand of acid (11).
Ijyb is nearby!
Ijyb barely misses you.
You hit Ijyb.
Ijyb is lightly wounded.
Ijyb hits you but does no damage.
You hit Ijyb.
Ijyb is heavily wounded.
Ijyb hits you with a +9 club!
You hit Ijyb.
You feel better.
Ijyb is severely wounded.
Ijyb hits you with a +9 club.
You hit Ijyb but do no damage.
Ijyb is severely wounded.
Ijyb zaps a wand.
The bolt of acid hits you!!
Ouch! That really hurt!
You hit Ijyb. You bite Ijyb.
Ijyb is almost dead.
Ijyb zaps a wand.
The bolt of acid hits you!!
You die...

.###))#...#####.....#....
###...##.#####.....##....
#.###))).).........#.....
....)....................
.........................
.......†.................
.........................
.........................
..............#.@........
........<.....#.g........
.............###..<......
.....####....>........./.
..### ..#.............
.....###.. ...... ..
......##


You could see Ijyb.

Vanquished Creatures
  A kobold demonologist (Abyss:2)
  A centaur skeleton (D:4)
  3 orc wizards (D:3)
  Robin (D:4)
  4 gnolls (D:3)
  5 adders
  2 ufetubi
  2 worms
  2 dart slugs
  An orc (D:3)
  8 ball pythons
  7 endoplasms
  3 giant cockroaches
  16 goblins
  8 hobgoblins
  4 jackals (D:1)
  4 quokkas
  4 bats
  3 frilled lizards
  A kobold (D:1)
  4 rats
84 creatures vanquished.

Notes
Turn   | Place    | Note
-------+----------+-------------------------------------------
     0 | Abyss:1  | Gargoyl the Gnoll Abyssal Knight began the quest for the
                  | Orb.
     0 | Abyss:1  | Reached XP level 1. HP: 23/23 MP: 3/3
    61 | Abyss:2  | Found a corrupted altar of Lugonu.
   161 | Abyss:2  | Noticed a kobold demonologist
   174 | Abyss:2  | Killed a kobold demonologist
   175 | Abyss:2  | Reached skill level 1 in Short Blades
   175 | Abyss:2  | Reached skill level 1 in Long Blades
   175 | Abyss:2  | Reached skill level 1 in Maces & Flails
   175 | Abyss:2  | Reached skill level 1 in Polearms
   175 | Abyss:2  | Reached skill level 1 in Staves
   175 | Abyss:2  | Reached skill level 1 in Slings
   175 | Abyss:2  | Reached skill level 1 in Bows
   175 | Abyss:2  | Reached skill level 1 in Crossbows
   175 | Abyss:2  | Reached skill level 1 in Throwing
   175 | Abyss:2  | Reached skill level 1 in Stealth
   175 | Abyss:2  | Reached skill level 1 in Shields
   175 | Abyss:2  | Reached skill level 1 in Unarmed Combat
   175 | Abyss:2  | Reached skill level 1 in Spellcasting
   175 | Abyss:2  | Reached skill level 1 in Conjurations
   175 | Abyss:2  | Reached skill level 1 in Hexes
   175 | Abyss:2  | Reached skill level 1 in Summonings
   175 | Abyss:2  | Reached skill level 1 in Necromancy
   175 | Abyss:2  | Reached skill level 1 in Translocations
   175 | Abyss:2  | Reached skill level 1 in Transmutations
   175 | Abyss:2  | Reached skill level 1 in Fire Magic
   175 | Abyss:2  | Reached skill level 1 in Ice Magic
   175 | Abyss:2  | Reached skill level 1 in Air Magic
   175 | Abyss:2  | Reached skill level 1 in Earth Magic
   175 | Abyss:2  | Reached skill level 1 in Poison Magic
   175 | Abyss:2  | Reached skill level 5 in Invocations
   175 | Abyss:2  | Reached skill level 1 in Evocations
   175 | Abyss:2  | Reached XP level 2. HP: 24/29 MP: 3/5
   175 | Abyss:2  | Reached XP level 3. HP: 29/35 MP: 3/6
   175 | Abyss:2  | Reached XP level 4. HP: 34/41 MP: 3/7
   175 | Abyss:2  | Reached XP level 5. HP: 39/47 MP: 3/8
   175 | Abyss:2  | Reached XP level 6. HP: 44/53 MP: 3/9
   212 | Abyss:2  | Noticed a fire bat
   212 | Abyss:2  | Noticed a fire bat
   212 | D:1      | Escaped the Abyss
   540 | D:1      | Reached skill level 5 in Axes
   540 | D:1      | Reached skill level 5 in Armour
   610 | D:1      | Found a faded altar of an unknown god.
   730 | D:1      | Reached * piety under Lugonu
  2437 | D:3      | HP: 1/53 [gnoll (6)]
  2916 | D:3      | Found a shimmering blue altar of Sif Muna.
  2929 | D:3      | Found an ancient bone altar of Kikubaaqudgha.
  2933 | D:3      | Reached XP level 7. HP: 59/59 MP: 10/10
  2937 | D:3      | Found a radiant altar of Vehumet.
  3038 | D:3      | Found a broken altar of Ashenzari.
  3042 | D:3      | Saw a vision of the Shoals and the Spider Nest.
  3042 | D:3      | Noticed a hornet
  3042 | D:3      | Noticed a merfolk siren
  3042 | D:3      | Noticed a redback
  3042 | D:3      | Noticed a hornet
  3042 | D:3      | Noticed a merfolk
  3042 | D:3      | Noticed a redback
  3042 | D:3      | Noticed a sea snake
  3042 | D:3      | Noticed a redback
  3042 | D:3      | Noticed a hornet
  3042 | D:3      | Noticed a redback
  3043 | D:3      | Noticed a merfolk siren
  3043 | D:3      | Noticed a merfolk siren
  3193 | D:4      | Reached ** piety under Lugonu
  3194 | D:4      | Reached skill level 7 in Fighting
  3210 | D:4      | Noticed Robin
  3228 | D:4      | Killed Robin
  3474 | D:4      | Noticed Ijyb
  3482 | D:4      | Killed from afar by Ijyb

Illustrated notes

Levels and vault maps discovered:
D:1:      matt_arrival_grand_opening, layout_basic,
          hellmonk_ecumenical_altar_blasted
D:2:      layout_basic
D:3:      layout_loops_ring, palyth_temple_overflow_mages,
          grunt_ashenzari_visionary [grunt_ashenzari_visionary_shoals,
          grunt_ashenzari_visionary_spider]
D:4:      layout_cave_pools, kennysheep_path_1, uniq_robin, uniq_ijyb

Skill      XL: |  1  2  3  4  5  6  7 |
---------------+----------------------+-----
Short Blades   | 1 2 |  2.4
Long Blades    | 1 2 |  2.4
Maces & Flails | 1 2 |  2.4
Polearms       | 1 2 |  2.4
Staves         | 1 2 |  2.4
Slings         | 1 2 |  2.4
Bows           | 1 2 |  2.4
Crossbows      | 1 2 |  2.4
Throwing       | 1 2 |  2.4
Dodging        | 3 |  3.6
Stealth        | 1 2 |  2.4
Shields        | 1 2 |  2.4
Unarmed Combat | 1 2 |  2.4
Spellcasting   | 1 2 |  2.4
Conjurations   | 1 2 |  2.0
Hexes          | 1 2 |  2.0
Summonings     | 1 2 |  2.0
Necromancy     | 1 2 |  2.0
Translocations | 1 2 |  2.0
Transmutations | 1 2 |  2.0
Fire Magic     | 1 2 |  2.0
Ice Magic      | 1 2 |  2.0
Air Magic      | 1 2 |  2.0
Earth Magic    | 1 2 |  2.0
Poison Magic   | 1 2 |  2.0
Invocations    | 5 |  5.3
Evocations     | 1 2 |  2.4
Axes           | 5 |  5.2
Armour         | 5 |  5.2
Fighting       | 7 |  7.0

Action                   |  1- 3 |  4- 6 |  7- 9 || total
-------------------------+-------+-------+-------++-------
Melee: Hand axe          |     9 |   116 |    53 ||   178
       Bite              |     1 |    13 |     5 ||    19
       Dagger            |       |    49 |       ||    49
       Punch             |       |     1 |     1 ||     2
Invok: Depart the Abyss  |       |     1 |       ||     1
Evoke: Wand              |     1 |       |       ||     1
  Use: Scroll            |     1 |     4 |     1 ||     6
       Potion            |     1 |     2 |     1 ||     4
 Stab: Paralysed         |     9 |       |       ||     9
       Sleeping          |       |     1 |       ||     1
Armor: Leather armour    |     4 |    17 |       ||    21
       Chain mail        |       |    49 |    62 ||   111
Dodge: Dodged            |     7 |    84 |    25 ||   116

Table legend: (Time is in decaauts)
 A = Elapsed time spent in this place.
 B = Non-inter-level travel time spent in this place.
 C = Inter-level travel time spent in this place.
 D = Time resting spent in this place.
 E = Time spent auto-exploring this place.
 F = Levels seen in this place.
 G = Mean time per level.
                   A        B        C        D        E       F      G
               +--------+--------+--------+--------+--------+-----+--------+
         Total |   3471 |   3305 |    166 |      0 |   2669 |   6 |  578.5 |
       Dungeon |   3271 |   3105 |    166 |      0 |   2499 |   4 |  817.8 |
         Abyss |    200 |    200 |      0 |      0 |    170 |   2 |  100.0 |
               +--------+--------+--------+--------+--------+-----+--------+

Top non-repeatable levels by time:
     D:3: 1150 daAuts
     D:1: 1083 daAuts
     D:2: 717 daAuts
     D:4: 320 daAuts
 Abyss:2: 139 daAuts
 Abyss:1: 61 daAuts
